 Dungeon Crawl Stone Soup version 0.28-a0-1033-g1a2f33fa85 (webtiles) character file.

Game seed: 7026092483286473527

35 mainiacjoe the Sneak (level 3, -4/26 HPs)
             Began as an Octopode Delver on Dec 8, 2021.
             Slain by a worm (10 damage)
             ... on level 3 of the Dungeon.
             The game lasted 00:02:58 (534 turns).

mainiacjoe the Sneak (Octopode Delver)               Turns: 534, Time: 00:02:59

Health: -4/26      AC:  1    Str: 11    XL:     3   Next: 33%
Magic:  3/3        EV: 13    Int: 12    God:
Gold:   14         SH:  0    Dex: 15    Spells: 2/2 levels left

rFire   . . .      SeeInvis .   a - +0 short sword
rCold   . . .      Faith    .   (no shield)
rNeg    . . .      Spirit   .   (helmet restricted)
rPois   .          Reflect  .   (no amulet)
rElec   .          Harm     .   (no ring)
rCorr   .          Rampage  .   (no ring)
Will    .....                   (no ring)
Stlth   ++++++....              (no ring)
HPRegen 0.08/turn               (no ring)
MPRegen 0.08/turn               (no ring)
                                (no ring)
                                (no ring)

@: no status effects
A: almost no armour, amphibious, 8 rings, camouflage 1, gelatinous body 1,
nimble swimmer 1, tentacles
a: no special abilities


You were on level 3 of the Dungeon.
You visited 1 branch of the dungeon, and saw 3 of its levels.

You collected 14 gold pieces.

Inventory:

Hand Weapons
 a - a +0 short sword (weapon)
Wands
 f - a wand of digging (3)
 g - a wand of polymorph (14)
Scrolls
 b - a scroll of fog
 c - a scroll of magic mapping
 d - a scroll of fear
 h - a scroll of identify {unknown}
Potions
 e - a potion of haste
 i - a potion of might {unknown}


   Skills:
 - Level 3.0 Fighting
 + Level 2.9 Short Blades
 - Level 2.0 Dodging
 + Level 7.3 Stealth


You had 2 spell levels left.
You didn't know any spells.
Your spell library was empty.

Dungeon Overview and Level Annotations

Branches:
Dungeon (5/15)
 Temple: D:4-7

Altars:

Shops:
D:3 :((

Annotations:
D:3 exclusion: black bear


Innate Abilities, Weirdness & Mutations

You cannot wear most types of armour.
You are amphibious.
You can wear up to eight rings at the same time.
Your skin changes colour to match your surroundings (Stealth+).
Your rubbery body absorbs attacks. (AC +1, EV +1)
You are camouflaged near water. (Stealth+)
You have tentacles for arms and can constrict up to eight enemies at once.


Message History

You hit the worm.
The worm is severely wounded.
You constrict the worm. The worm barely misses you.
You hit the worm.
The worm is almost dead.
You constrict the worm.
You kill the worm!
You have reached level 3!
Your experience leads to an increase in your attributes!
Increase (S)trength, (I)ntelligence, or (D)exterity?
You feel agile. x2
Unknown command.
You barely miss the river rat. You grab the river rat.
You constrict the river rat, but do no damage.
The river rat bites you!
You hit the river rat.
The river rat is moderately wounded.
You constrict the river rat, but do no damage.
The river rat closely misses you.
You hit the river rat. You squeeze the river rat.
The river rat is severely wounded.
You constrict the river rat. The river rat bites you.
* * * LOW HITPOINT WARNING * * *
You hit the river rat.
You kill the river rat!
You barely miss the worm. You grab the worm. You constrict the worm.
The worm splashes around in the water.
You hit the worm.
The worm is lightly wounded.
You constrict the worm. You hit the worm.
The worm is heavily wounded.
You constrict the worm. The worm barely misses you.
You completely miss the worm. You squeeze the worm.
The worm is severely wounded.
You constrict the worm. You hit the worm but do no damage.
The worm is almost dead.
You constrict the worm. The worm bites you!
You die...

..................+
...#.###.#.####..##
#..#.###.#.# ##.#
...#.#...#.# ##.#
..##.#.###.#
##..### ..##.#.#
#.# #...†≈#
#....#.###.#
#..≈≈≈#
#..........#
#...#≈#
.......#####
#..@≈≈# .......#
#..w#≈# .......#
#.≈≈≈≈# #......#
#...≈#≈# #......#
#...≈#≈# ########
#....# ≈ ######
#....# ## #....#
#..### #....#


You could see a worm.

Vanquished Creatures
  A gnoll (D:3)
  A river rat (D:3)
  An adder (D:3)
  A worm (D:3)
  A giant cockroach (D:3)
  2 ball pythons (D:3)
7 creatures vanquished.

Notes
Turn   | Place    | Note
-------+----------+-------------------------------------------
     0 | D:5      | mainiacjoe the Octopode Delver began the quest for the Orb.
     0 | D:5      | Reached XP level 1. HP: 16/16 MP: 1/1
    12 | D:4      | Noticed a hound
    32 | D:3      | Found Tanlair's Book Boutique.
    58 | D:3      | Found Kurosiaf's Weapon Boutique.
   103 | D:3      | Reached XP level 2. HP: 8/21 MP: 2/2
   105 | D:3      | Reached skill level 7 in Stealth
   108 | D:3      | HP: 1/21 [poisoned by an adder]
   484 | D:3      | Found Geisheck's Antique Weapon Boutique.
   484 | D:3      | Noticed a black bear
   523 | D:3      | Reached XP level 3. HP: 17/26 MP: 3/3
   534 | D:3      | Slain by a worm

Illustrated notes

Levels and vault maps discovered:
D:3:      layout_basic, fedhas_altar_1, serial_shops,
          nicolae_shop_bloodbath_and_beyond, shop, shop, shop,
          lightli_sewer_entry_pipes
D:4:      corexii_shantytown, layout_rooms, temple_green
D:5:      layout_loops_ring, ebering_ghost_rock_garden, nicolae_shop_clearance,
          uniq_ijyb, uniq_eustachio

Skill      XL: |  1  2 |
---------------+-------+-----
Stealth        | 7 |  7.3
Fighting       | |  3.0
Short Blades   | |  2.9
Dodging        | |  2.0

Action                   || total
-------------------------++-------
Melee: Short sword       ||    26
       Tentacles         ||     5
       Constrict         ||     4
Dodge: Dodged            ||    15

Table legend: (Time is in decaauts)
 A = Elapsed time spent in this place.
 B = Non-inter-level travel time spent in this place.
 C = Inter-level travel time spent in this place.
 D = Time resting spent in this place.
 E = Time spent auto-exploring this place.
 F = Levels seen in this place.
 G = Mean time per level.
                   A        B        C        D        E       F      G
               +--------+--------+--------+--------+--------+-----+--------+
         Total |    533 |    533 |      0 |    264 |     52 |   3 |  177.7 |
       Dungeon |    533 |    533 |      0 |    264 |     52 |   3 |  177.7 |
               +--------+--------+--------+--------+--------+-----+--------+

Top non-repeatable levels by time:
     D:3: 503 daAuts
     D:4: 20 daAuts
     D:5: 9 daAuts
